Map: Moondance

Players

Bunny

  • Race: Terran Terran
  • Spawn Location: 12:00

Cure - Winner!

  • Race: Terran Terran
  • Spawn Location: 6:00

Event: DreamHack SC2 Masters 2022 Atlanta (Offline)

VOD

Have the link to the VOD?

Description

Time

  • Played on: Nov. 18, 2022, 7:29 p.m.
  • Length: 15:31

All games in this series

Show
View Real Time Build Order
Export as new Build Order

Bunny Terran 

Build Orders:  

Get SALT Encoding   

  12  0:00  SCV  
  13  0:12  SCV  
  14  0:17  Supply Depot  
  14  0:24  SCV  
  15  0:38  SCV  
  15  0:40  Barracks  
  15  0:42  Refinery  
  16  0:50  SCV  
  16  0:52  Refinery  
  17  1:03  SCV  
  18  1:15  SCV  
  19  1:27  Reaper, Orbital Command  
  20  1:33  Supply Depot  
  20  1:41  Factory  
  20  1:52  SCV  
  21  1:59  Reaper  
  22  2:04  SCV  
  23  2:16  SCV  
  23  2:21  Command Center  
  24  2:26  Hellion  
  24  2:29  SCV  
  26  2:31  Reaper  
  27  2:37  Supply Depot  
  27  2:48  Hellion  
  27  2:50  SCV  
  30  2:53  Starport  
  30  3:02  SCV  
  30  3:03  Reaper  
  32  3:09  Hellion  
  34  3:15  SCV  
  35  3:22  Refinery  
  35  3:27  SCV  
  36  3:31  Starport Tech Lab  
  36  3:32  Factory Tech Lab  
  36  3:36  Barracks Reactor  
  36  3:39  SCV  
  37  3:41  Orbital Command  
  33  3:50  Cyclone  
  33  3:51  SCV  
  33  4:03  SCV  
  33  4:08  Raven  
  33  4:09  SCV  
  36  4:11  Marine x2  
  36  4:15  SCV  
  39  4:21  SCV  
  39  4:27  SCV  
  39  4:29  Siege Tank  
  42  4:33  Command Center, Marine x2  
  42  4:35  SCV  
  44  4:39  SCV  
  41  4:53  Marine x2  
  41  4:58  SCV x2  
  43  5:04  Raven  
  44  5:10  SCV x2  
  44  5:13  Marine  
  44  5:14  Marine  
  48  5:22  SCV x2  
  48  5:27  Supply Depot  
  50  5:29  Refinery  
  50  5:34  SCV  
  54  5:36  SCV  
  54  5:38  Marine x2  
  54  5:41  Supply Depot  
  54  5:46  SCV, Orbital Command  
  54  5:47  Raven  
  54  5:48  SCV  
  58  5:56  Marine x2  
  60  5:58  SCV  
  60  6:00  SCV, Siege Tank  
  60  6:03  Barracks  
  65  6:04  Barracks  
  65  6:16  SCV x3  
  65  6:22  Marine  
  65  6:23  Marine  
  66  6:28  SCV  
  66  6:30  Engineering Bay x2  
  70  6:32  Siege Tank  
  70  6:33  SCV x2  
  70  6:35  Supply Depot  
  72  6:40  SCV  
  72  6:45  SCV x2  
  75  6:47  Supply Depot, Viking x2  
  75  6:51  Barracks Reactor, Stimpack  
  75  6:52  Barracks Reactor, SCV, Marine  
  81  6:57  SCV x2  
  81  7:00  Supply Depot  
  83  7:04  SCV, Siege Tank  
  87  7:09  SCV x2  
  87  7:10  Supply Depot  
  87  7:11  Refinery  
  86  7:17  SCV, Viking x2  
  88  7:24  SCV x2  
  88  7:27  Marine  
  88  7:29  SCV  
  91  7:30  Marine x4  
  95  7:38  Barracks  
  95  7:39  SCV x2, Barracks  
  97  7:46  Terran Infantry Armor Level 1, Terran Infantry Weapons Level 1  
  97  7:49  Siege Tank  
  100  7:57  Medivac  
  92  8:09  Marine x3  
  92  8:10  Marine x2  
  95  8:16  SCV x2  
  95  8:17  SCV  
  95  8:18  Medivac  
  97  8:27  Siege Tank, Marine x5  
  97  8:29  Medivac  
  97  8:31  Barracks Reactor  
  97  8:32  Barracks Reactor  
  104  8:43  Supply Depot x2, Armory  
  104  8:45  Command Center, Marine x5  
  109  8:52  Medivac  
  111  8:55  Combat Shield  
  111  8:59  Siege Tank  
  111  9:01  Medivac  
  116  9:03  Marine  
  116  9:04  Marine x4  
  116  9:06  SCV x3  
  124  9:10  Marine x4  
  124  9:14  Supply Depot x2  
  128  9:20  Marine  
  128  9:22  Marine x4  
  133  9:29  Supply Depot  
  133  9:30  SCV x2, Marine x2  
  137  9:33  Siege Tank  
  137  9:36  Medivac x2, Marine  
  137  9:38  Marine  
  146  9:42  Marine  
  146  9:43  Marine x2  
  148  9:52  Marine x4  
  150  9:54  Marine  
  150  9:55  Sensor Tower, Marine  
  150  9:59  Planetary Fortress  
  151  10:05  Siege Tank, Marine x3  
  153  10:09  SCV  
  153  10:10  SCV x2, Marine  
  156  10:15  Marine x5  
  158  10:24  Terran Infantry Armor Level 2, Terran Infantry Weapons Level 2, Marine  
  158  10:25  Marine  
  158  10:29  Medivac  
  158  10:34  Medivac  
  162  10:35  Marine  
  162  10:36  Marine x3  
  162  10:41  Siege Tank  
  169  10:50  Supply Depot x2  
  169  11:02  Marine x9  
  178  11:05  Supply Depot  
  178  11:06  Refinery x2  
  146  11:18  Siege Tank  
  146  11:19  Marine  
  146  11:20  Marine x8  
  146  11:23  Medivac  
  146  11:24  Medivac  
  144  11:37  Marine  
  144  11:38  Marine x7  
  144  11:39  Marine  
  151  11:44  Factory  
  152  11:48  Barracks  
  152  11:49  Barracks x2  
  150  11:55  Marine x5  
  150  11:56  Marine x3  
  150  11:57  Marine  
  132  12:04  Siege Tank  
  132  12:06  Medivac  
  133  12:13  Medivac, Marine x8  
  133  12:15  Marine  
  141  12:31  Marine x8  
  141  12:33  Marine  
  137  12:40  Siege Tank  
  137  12:42  Barracks Reactor  
  137  12:43  Barracks Reactor x2  
  140  12:47  Medivac  
  140  12:49  Marine x8  
  140  12:51  Medivac, Marine  
  153  13:06  Marine  
  153  13:07  Marine x7  
  153  13:09  Marine  
  162  13:16  Siege Tank  
  162  13:18  Marine  
  162  13:19  Marine x5  
  171  13:24  Marine x3  
  171  13:25  Medivac x2, Marine x5  
  183  13:28  Marine  
  184  13:36  Marine  
  184  13:37  Marine x5  
  159  13:47  Marine x9  
  144  13:51  Siege Tank  
  144  13:54  Marine x2  
  149  14:01  Marine x4  
  142  14:05  Marine x7  
  142  14:08  Medivac x2  
  141  14:11  Marine x2  
  141  14:12  Marine x2  
  145  14:19  Marine x3  
  145  14:21  Marine  
  145  14:22  Marine  
  145  14:23  Marine x6  
  156  14:25  Siege Tank  
  156  14:29  Marine  
  160  14:33  Marine x3  
  160  14:37  Marine x2  
  160  14:43  Marine x8  
  163  14:52  Orbital Command  
  163  14:58  Siege Tank, Marine  
  163  14:59  Marine x6  
  173  15:01  Marine x2  
  175  15:10  Marine x6  
Show
View Real Time Build Order
Export as new Build Order

Cure Terran - Winner!

Build Orders: Cyclone Opening 

Get SALT Encoding   

  12  0:00  SCV  
  13  0:12  SCV  
  14  0:17  Supply Depot  
  14  0:24  SCV  
  14  0:27  Refinery  
  15  0:38  SCV  
  16  0:43  Barracks  
  16  0:50  SCV  
  16  0:53  Refinery  
  17  1:02  SCV  
  18  1:14  SCV  
  19  1:30  Reaper, Orbital Command  
  19  1:32  Factory  
  20  1:42  Supply Depot  
  20  1:55  SCV  
  21  2:02  Reaper  
  21  2:07  SCV  
  23  2:16  Hellion  
  23  2:20  SCV  
  26  2:32  SCV, Command Center  
  26  2:35  Barracks Reactor  
  27  2:37  Factory Tech Lab  
  27  2:45  SCV  
  28  2:51  Supply Depot, Starport  
  28  2:59  Cyclone  
  31  3:12  Marine x2  
  31  3:13  SCV  
  34  3:25  SCV  
  35  3:27  Medivac  
  35  3:32  Refinery, Marine x2  
  39  3:43  Cyclone, SCV  
  41  3:50  Orbital Command  
  41  3:55  SCV, Marine x2  
  40  4:06  Starport Tech Lab  
  40  4:08  SCV  
  41  4:13  Marine x2  
  41  4:16  Siege Tank  
  46  4:18  SCV  
  46  4:24  SCV  
  48  4:30  SCV, Raven  
  51  4:35  Supply Depot  
  51  4:36  Supply Depot, SCV  
  52  4:42  SCV  
  53  4:47  Marine  
  54  4:56  Marine  
  54  4:57  SCV x2  
  56  5:01  Siege Tank  
  56  5:09  SCV x2  
  56  5:12  Marine  
  51  5:14  Marine  
  51  5:20  Raven  
  51  5:21  SCV x2  
  56  5:22  Command Center  
  56  5:30  Marine  
  56  5:32  Marine  
  56  5:33  SCV x2  
  56  5:35  Refinery, Siege Tank  
  60  5:40  Starport  
  63  5:45  SCV x2  
  63  5:48  Supply Depot  
  63  5:49  Supply Depot  
  65  5:57  SCV x2  
  67  6:09  Barracks x2  
  67  6:13  Viking  
  67  6:14  Viking, Marine  
  67  6:15  Siege Tank  
  67  6:16  SCV x2  
  75  6:20  Viking  
  77  6:28  SCV  
  77  6:29  SCV  
  77  6:31  Engineering Bay  
  77  6:32  Engineering Bay  
  79  6:39  Stimpack, Marine  
  80  6:40  Orbital Command  
  80  6:41  SCV x2  
  80  6:46  Viking  
  84  6:49  Viking  
  84  6:53  Viking  
  88  6:56  Barracks Reactor x2  
  88  6:58  SCV x2  
  88  7:01  Refinery  
  90  7:03  Siege Tank  
  90  7:06  Marine  
  94  7:09  Supply Depot  
  94  7:10  SCV x2  
  96  7:19  Viking  
  96  7:22  SCV x2  
  100  7:23  SCV  
  100  7:25  Supply Depot, Terran Infantry Weapons Level 1  
  100  7:26  Supply Depot, Terran Infantry Armor Level 1  
  101  7:32  Viking  
  101  7:34  Marine x5  
  108  7:46  Supply Depot, Viking  
  108  7:47  Siege Tank  
  108  7:49  Supply Depot  
  113  7:54  Barracks x2, Marine x2  
  113  7:55  Marine x3  
  118  8:00  SCV x2  
  118  8:01  SCV  
  113  8:12  Marine x3  
  99  8:14  Marine x2  
  99  8:15  Viking  
  99  8:19  Siege Tank  
  106  8:22  Viking x2  
  108  8:30  Marine x2  
  108  8:31  Combat Shield  
  113  8:35  Armory  
  113  8:41  Barracks Reactor  
  110  8:43  Barracks Reactor  
  110  8:45  Marine  
  111  8:49  Command Center  
  111  8:51  Sensor Tower  
  111  8:52  Medivac  
  113  8:58  Marine x4  
  113  8:59  Siege Tank  
  113  9:01  Supply Depot  
  120  9:02  Marine  
  120  9:03  SCV x3  
  120  9:04  Missile Turret  
  120  9:06  Medivac  
  126  9:13  Medivac  
  126  9:15  SCV x3  
  131  9:18  Refinery  
  131  9:20  Marine x4  
  131  9:22  Refinery  
  135  9:30  Marine x5  
  135  9:31  Siege Tank  
  141  9:34  SCV x3  
  141  9:37  Marine  
  141  9:38  Supply Depot x2  
  145  9:39  Terran Infantry Weapons Level 2  
  145  9:46  SCV x3  
  145  9:49  Terran Infantry Armor Level 2  
  148  9:58  SCV x3  
  150  10:01  Viking x2  
  150  10:04  Orbital Command  
  150  10:06  Terran Vehicle Weapons Level 1  
  154  10:14  Marine x8  
  155  10:20  Factory  
  161  10:26  Barracks Reactor  
  161  10:28  Siege Tank  
  164  10:31  Marine x2  
  164  10:32  Marine x2  
  168  10:35  Viking  
  168  10:36  Viking, Starport Tech Lab  
  168  10:39  SCV x2  
  168  10:40  SCV, Starport  
  176  10:42  SCV  
  176  10:53  Command Center  
  176  11:00  Corvid Reactor, Siege Tank  
  179  11:07  Siege Tank  
  179  11:09  Marine x6  
  181  11:13  Marine x4  
  162  11:21  Liberator x2  
  168  11:26  Marine x2  
  168  11:27  Marine x2  
  168  11:32  Siege Tank, Marine x6  
  177  11:39  Siege Tank  
  184  11:44  Marine x4  
  188  11:49  Supply Depot x2  
  188  11:50  Starport Tech Lab  
  188  11:57  Marine  
  188  11:58  Missile Turret x2, Marine x5  
  173  12:02  Marine x4  
  173  12:04  Siege Tank  
  176  12:11  Siege Tank  
  176  12:15  Marine  
  180  12:16  Marine x5  
  180  12:20  Marine x4  
  189  12:26  Raven x2  
  193  12:31  Liberator  
  193  12:32  Command Center  
  193  12:36  Siege Tank  
  193  12:42  Liberator  
  200  12:46  Siege Tank  
  193  13:08  Siege Tank  
  193  13:12  Sensor Tower  
  196  13:19  Siege Tank  
  196  13:34  Command Center x2  
  196  13:40  Siege Tank, Marine x8  
  185  13:47  Refinery  
  185  13:48  Refinery  
  170  13:50  Marine x2  
  170  13:51  Siege Tank  
  175  13:58  Marine x4  
  171  14:08  Marine x3  
  171  14:09  Marine x3  
  172  14:10  Orbital Command  
  172  14:11  Planetary Fortress  
  172  14:12  Siege Tank  
  172  14:16  Liberator x2  
  181  14:23  Siege Tank  
  184  14:24  Raven  
  184  14:26  Marine x8  
  190  14:44  Siege Tank  
  189  14:48  Marine x8  
  191  14:53  Viking  
  191  14:55  Siege Tank  
  191  14:57  Command Center  
  191  14:59  Viking x2  
Tags
 
Add a new tag
Caveats
  • Supply blocks, unpowered buildings, or Contaminate may cause inaccurate times.
  • Supply counts are checked every 10 seconds.